 Dungeon Crawl Stone Soup version 0.30-a0-172-gc5509c9e31 (webtiles) character file.

Game seed: 16705968663869903580

522 trckry the Digger (level 7, 0/45 (46) HPs)
             Began as a Formicid Earth Elementalist on Oct 1, 2022.
             Killed by divine providence
             ... invoked by an orc priest
              (8 damage)
             ... on level 5 of the Dungeon on Oct 2, 2022.
             The game lasted 00:13:15 (4507 turns).

trckry the Digger (Formicid Earth Elementalist)     Turns: 4507, Time: 00:13:16

HP:   0/45 (46)     AC:  4    Str: 12    XL:     7   Next: 46%
MP:   1/12          EV: 12    Int: 17    God:
Gold: 115           SH:  0    Dex: 20    Spells: 9/13 levels left

rFire   . . .      SeeInvis +    a - staff of earth
rCold   . . .      Faith    .    (no shield)
rNeg    . . .      Spirit   .    e - +0 robe
rPois   .          Reflect  .    (helmet unavailable)
rElec   .          Harm     .    f - +0 cloak
rCorr   .          Rampage  .    (no gloves)
Will    .....                    z - +0 pair of boots
Stlth   ++........               (no amulet)
HPRegen 0.27/turn                c - +6 ring of dexterity
MPRegen 0.13/turn                (no ring)

@: lightly drained
A: permanent stasis, dig shafts and tunnels, antennae 3, four strong arms
a: Dig, Shaft Self


You were on level 5 of the Dungeon.
You visited 1 branch of the dungeon, and saw 5 of its levels.

You collected 148 gold pieces.
You spent 33 gold pieces at shops.

Inventory:

Hand Weapons
 b - a +0 dagger of venom
 x - a +0 quarterstaff
Missiles
 l - 9 poisoned darts
Armour
 e - a +0 robe (worn)
 f - a +0 cloak (worn)
 z - a +0 pair of boots (worn)
Magical Staves
 a - a staff of earth (weapon)
Jewellery
 c - a +6 ring of dexterity (left hand)
Wands
 t - a wand of flame (19)
Scrolls
 d - 4 scrolls of vulnerability {unknown}
 j - 3 scrolls of magic mapping {unknown}
 m - a scroll of immolation {unknown}
 n - a scroll of noise {unknown}
 o - 3 scrolls of identify {unknown}
 r - 2 scrolls of teleportation {unknown}
 u - a scroll of silence {unknown}
 y - a scroll of enchant weapon {unknown}
 A - a scroll of amnesia {unknown}
 F - a scroll of poison {unknown}
Potions
 g - 4 potions of curing
 h - a potion of heal wounds {unknown}
 i - 4 potions of brilliance {unknown}
 k - a potion of ambrosia {unknown}
 p - a potion of magic
 q - a potion of might {unknown}
 s - 2 potions of degeneration {unknown}
 v - a potion of berserk rage {unknown}
 w - 2 potions of haste {unknown}
 B - a potion of mutation {unknown}
 C - a potion of resistance {unknown}
 D - a potion of flight {unknown}
 E - a potion of lignification {unknown}


   Skills:
 + Level 2.6 Staves
 - Level 1.7 Dodging
 - Level 2.4 Stealth
 + Level 3.8 Spellcasting
 * Level 3.1 Conjurations
 - Level 1.1 Transmutations
 * Level 6.6 Earth Magic


You had 9 spell levels left.
You knew the following spells:

 Your Spells              Type           Power      Damage    Failure   Level
a - Sandblast             Erth           78%        2d17      1%          1
b - Stone Arrow           Conj/Erth      58%        3d10      6%          3

Your spell library contained the following spells:

 Spells                   Type           Power      Damage    Failure   Level
 Passwall                 Tmut/Erth      20%        N/A       4%          2
 Petrify                  Tmut/Erth      24%        N/A       32%         4


Dungeon Overview and Level Annotations

Branches:
Dungeon (5/15) Zot: 25426
 Temple: D:4-7

Altars:
Gozag
Sif Muna

Shops:
D:2 =!(


Innate Abilities, Weirdness & Mutations

You cannot be hasted, slowed, berserked, paralysed or teleported.
You can dig through walls and to a lower floor.
You have a pair of large antennae on your head. (SInv)
Your four strong arms can wield two-handed weapons with a shield.


Message History

You dig through the rock wall.
You feel drained.
Found a scroll labelled HUOWUG MOINU and a battleaxe.
You retract your mandibles.
An orc comes into view.
It is wielding a +0 flail of protection.
Casting: Stone Arrow (dangerous; 7% risk of failure)
Confirm with . or Enter, or press ? or * to list all spells.
Aiming: Sandblast (safe; 1% risk of failure)
Press: ? - help, Shift-Dir - straight line, f/p - orc priest
Aim: an orc priest, wielding a +0 hand axe and wearing a +0 leather armour (almost dead, 84% to hit)
You feel a surge of power!
The blast of sand hits the orc priest.
You kill the orc priest!
You now have 0/12 mp.
The orc hits you with a +0 flail of protection.
* * * LOW HITPOINT WARNING * * *
You take 5 damage, and have 11/45 hp.
The orc closely misses you.
You see here a +0 battleaxe.
The orc attacks as you move away!
The orc hits you with a +0 flail of protection.
* * * LOW HITPOINT WARNING * * *
You take 4 damage, and have 7/45 hp.
Aiming: Throw Flame
Press: ? - help, Shift-Dir - straight line, f - orc
Aim: an orc, wielding a +0 flail of protection (68% to hit)
The puff of flame hits the orc.
The orc is heavily wounded.
The orc hits you but does no damage.
Casting: Sandblast (safe; 1% risk of failure)
Confirm with . or Enter, or press ? or * to list all spells.
Okay, then.
Casting: Sandblast (safe; 1% risk of failure)
Confirm with . or Enter, or press ? or * to list all spells.
Aiming: Sandblast (safe; 1% risk of failure)
Press: ? - help, Shift-Dir - straight line, f/p - orc
Aim: an orc, wielding a +0 flail of protection (heavily wounded, 84% to hit)
You feel a surge of power!
The blast of sand hits the orc.
You kill the orc!
The orc priest invokes the aid of Beogh against you.
Beogh smites you!
You die...

#.##.####.....###÷.....
######.#.............÷......
#......#######.....###.####.
#.###### #.....# #.# #.
######.# #.....# #.# #.
.......# #.....###.#####
####.###
################.<).... #.#
#................######
#.#### #.....@.# #####. #
###....# #....)..# #. #
##......# #?......# #. #
#.......###..o....# #. #
..≈≈.≈≈..##.......# #. #
...≈.≈............# #
.≈.....≈..######.##### #
.≈≈...≈≈).# #.......# .
...†_.....####..<....#


You could see an orc priest.

Vanquished Creatures
  An ogre (D:5)
  A necrophage (D:5)
  A jelly (D:5)
  A hound (D:4)
  An orc priest (D:5)
  2 iguanas
  Robin (D:3)
  9 adders
  2 ufetubi
  2 worms
  2 dart slugs
  8 orcs
  7 endoplasms
  4 giant cockroaches
  12 goblins
  9 hobgoblins
  7 jackals
  6 quokkas
  5 ball pythons
  6 bats
  A frilled lizard (D:1)
  11 kobolds
  7 rats
106 creatures vanquished.

Notes
Turn   | Place    | Note
-------+----------+-------------------------------------------
     0 | D:1      | trckry the Formicid Earth Elementalist began the quest for
                  | the Orb.
     0 | D:1      | Reached XP level 1. HP: 13/13 MP: 3/3
   162 | D:1      | Reached skill level 4 in Earth Magic
   204 | D:1      | Reached XP level 2. HP: 19/19 MP: 3/5
   498 | D:1      | Reached XP level 3. HP: 24/24 MP: 4/6
   841 | D:1      | Found a faded altar of an unknown god.
  1079 | D:2      | Found Milosoki's Antique Weapon Shoppe.
  1088 | D:2      | Reached skill level 1 in Staves
  1108 | D:2      | Learned a level 3 spell: Stone Arrow
  1196 | D:2      | Found Mihafowa's Distillery.
  1205 | D:2      | Bought a potion of curing for 33 gold pieces
  1292 | D:2      | Reached XP level 4. HP: 30/30 MP: 6/8
  1595 | D:2      | Found Neode's Jewellery Emporium.
  1599 | D:2      | Reached skill level 5 in Earth Magic
  1709 | D:2      | Identified the +7 spear of the Extremes {flame, Fragile rF+
                  | Str+4 SInv}
  1787 | D:3      | Reached skill level 1 in Conjurations
  1895 | D:3      | Reached XP level 5. HP: 35/35 MP: 7/9
  2112 | D:3      | Noticed Robin
  2118 | D:3      | Killed Robin
  3301 | D:4      | Reached XP level 6. HP: 41/41 MP: 8/10
  3623 | D:4      | Found a shimmering blue altar of Sif Muna.
  4028 | D:5      | Entered Level 5 of the Dungeon
  4079 | D:5      | Reached skill level 6 in Earth Magic
  4187 | D:5      | Reached XP level 7. HP: 46/46 MP: 1/12
  4455 | D:5      | Found an opulent altar of Gozag.
  4507 | D:5      | Killed from afar by an orc priest

Illustrated notes

Levels and vault maps discovered:
D:1:      erik_arrival_orb_chamber, layout_loops_ring,
          hellmonk_ecumenical_altar_pennies_from_heaven
D:2:      layout_rooms, serial_shops, shop, shop, shop, grunt_decor_junction,
          palyth_stone_intersect
D:3:      minmay_inner_zag, layout_loops_cross, uniq_robin
D:4:      layout_layer_cave, nicolae_sif_muna_condensation
D:5:      layout_basic, mainiacjoe_overflow_small_starburst,
          lemuel_crystal_altar

Skill      XL: |  1  2  3  4  5  6  7 |
---------------+----------------------+-----
Earth Magic    | 4 5 6 |  6.6
Staves         | 1 2 |  2.6
Conjurations   | 1 2 3 |  3.1
Spellcasting   | 3 |  3.8
Dodging        | |  1.7
Stealth        | |  2.4
Transmutations | |  1.1

Action                   |  1- 3 |  4- 6 |  7- 9 || total
-------------------------+-------+-------+-------++-------
 Cast: Sandblast         |    50 |    70 |    15 ||   135
       Stone Arrow       |       |     5 |     3 ||     8
 Abil: Dig               |       |       |     1 ||     1
Evoke: Wand              |       |       |     1 ||     1
Armor: Robe              |     3 |     2 |     2 ||     7
Dodge: Dodged            |     8 |     7 |    16 ||    31

Table legend: (Time is in decaauts)
 A = Elapsed time spent in this place.
 B = Non-inter-level travel time spent in this place.
 C = Inter-level travel time spent in this place.
 D = Time resting spent in this place.
 E = Time spent auto-exploring this place.
 F = Levels seen in this place.
 G = Mean time per level.
                   A        B        C        D        E       F      G
               +--------+--------+--------+--------+--------+-----+--------+
         Total |   4572 |   4442 |    130 |      0 |   3665 |   5 |  914.4 |
       Dungeon |   4572 |   4442 |    130 |      0 |   3665 |   5 |  914.4 |
               +--------+--------+--------+--------+--------+-----+--------+

Top non-repeatable levels by time:
     D:4: 1287 daAuts
     D:1: 1098 daAuts
     D:3: 990 daAuts
     D:2: 708 daAuts
     D:5: 487 daAuts
